 Dungeon Crawl Stone Soup version 0.28.0 (webtiles) character file.

Game seed: 2854784053301213939

219 crazypyro the Conjurer (level 6, -2/41 HPs)
             Began as a Human Conjurer on Feb 7, 2022.
             Slain by Edmund (6 damage)
             ... on level 4 of the Dungeon.
             The game lasted 00:05:46 (4006 turns).

crazypyro the Conjurer (Human Conjurer)             Turns: 4006, Time: 00:05:47

Health: -2/41      AC:  2    Str:  8    XL:     6   Next: 17%
Magic:  4/11       EV: 12    Int: 20    God:
Gold:   97         SH:  0    Dex: 11    Spells: 10/12 levels left

rFire   . . .      SeeInvis .   m - +2 whip (elec)
rCold   . . .      Faith    .   (no shield)
rNeg    . . .      Spirit   .   a - +0 robe
rPois   .          Reflect  .   (no helmet)
rElec   .          Harm     .   (no cloak)
rCorr   .          Rampage  .   (no gloves)
Will    .....                   (no boots)
Stlth   ++........              (no amulet)
HPRegen 0.13/turn               (no ring)
MPRegen 0.12/turn               (no ring)

@: no status effects
A: no striking features
a: no special abilities


You were on level 4 of the Dungeon.
You visited 1 branch of the dungeon, and saw 4 of its levels.

You collected 97 gold pieces.

Inventory:

Hand Weapons
 c - a +0 whip
 j - a +2 short sword of venom
 m - a +2 whip of electrocution (weapon)
Armour
 a - a +0 robe (worn)
Jewellery
 d - a ring of willpower
 e - a ring of magical power
Scrolls
 b - 4 scrolls of identify {unknown}
 h - a scroll of silence {unknown}
 i - a scroll of fog {unknown}
 k - a scroll of teleportation {unknown}
 l - a scroll of amnesia {unknown}
Potions
 f - a potion of magic {unknown}
 g - a potion of curing {unknown}


   Skills:
 - Level 2.0 Dodging
 - Level 2.0 Stealth
 + Level 3.8 Spellcasting
 + Level 5.3 Conjurations
 + Level 1.4 Transmutations
 + Level 1.3 Poison Magic


You had 10 spell levels left.
You knew the following spells:

 Your Spells              Type           Power      Damage    Failure   Level
a - Magic Dart            Conj           100%       1d8       1%          1
b - Sting                 Tmut/Pois      36%        1d4       8%          1

Your spell library contained the following spells:

 Spells                   Type           Power      Damage    Failure   Level
 Searing Ray              Conj           50%        2d6       2%          2
 Static Discharge         Conj/Air       14%        N/A       7%          2
 Dazzling Flash           Conj/Hex       28%        N/A       13%         3
 Poisonous Vapours        Pois/Air       12%        N/A       16%         2
 Blink                    Tloc           6%         N/A       21%         2
 Lesser Beckoning         Tloc           3%         N/A       36%         3
 Fulminant Prism          Conj/Hex       7%         3d7       41%         4
 Iskenderun's Mystic Bla  Conj/Tloc      14%        2d5       41%         4
 Olgreb's Toxic Radiance  Pois           9%         N/A       58%         4
 Lightning Bolt           Conj/Air       7%         1d19      77%         5
 Manifold Assault         Tloc           3%         N/A       98%         5
 Maxwell's Capacitive Co  Air            1%         ∞         100%        8


Dungeon Overview and Level Annotations

Branches:
Dungeon (4/15)
 Temple: D:4-7

Altars:

Annotations:
D:3 3 runed translucent doors, Arzaac's ghost, amateur OpTm
D:4 Edmund


Message History

The sting misses Edmund.
Edmund hits you with a +3 dire flail of protection!
Casting: Sting (safe; 8% risk of failure)
Confirm with . or Enter, or press ? or * to list all spells.
Aiming: Sting (safe; 8% risk of failure)
Press: ? - help, Shift-Dir - straight line, f/p - Edmund
Aim: Edmund, wielding a +3 dire flail of protection and wearing a +0 chain mail (lightly wounded, poisoned, 77% to hit)
The sting hits Edmund.
Edmund looks even sicker.
Edmund is lightly wounded.
Edmund hits you with a +3 dire flail of protection.
Casting: Sting (safe; 8% risk of failure)
Confirm with . or Enter, or press ? or * to list all spells.
Aiming: Sting (safe; 8% risk of failure)
Press: ? - help, Shift-Dir - straight line, f/p - Edmund
Aim: Edmund, wielding a +3 dire flail of protection and wearing a +0 chain mail (lightly wounded, very poisoned, 77% to hit)
The sting hits Edmund but does no damage.
Edmund looks even sicker.
Edmund is lightly wounded.
Edmund barely misses you. The quokka bites you. The quokka barely misses you.
The quokka bites you.
Casting: Sting (safe; 8% risk of failure)
Confirm with . or Enter, or press ? or * to list all spells.
Aiming: Sting (safe; 8% risk of failure)
Press: ? - help, Shift-Dir - straight line, f/p - Edmund
Aim: Edmund, wielding a +3 dire flail of protection and wearing a +0 chain mail (lightly wounded, very poisoned, 77% to hit)
The sting misses Edmund.
Edmund hits you with a +3 dire flail of protection!
* * * LOW HITPOINT WARNING * * *
Unknown command.
Casting: Sting (safe; 8% risk of failure)
Confirm with . or Enter, or press ? or * to list all spells.
Aiming: Sting (safe; 8% risk of failure)
Press: ? - help, Shift-Dir - straight line, f/p - Edmund
Aim: Edmund, wielding a +3 dire flail of protection and wearing a +0 chain mail (lightly wounded, very poisoned, 77% to hit)
The sting hits Edmund but does no damage.
Edmund looks even sicker.
Edmund is lightly wounded.
The quokka barely misses you.
Edmund hits you with a +3 dire flail of protection.
You die...

### ### ##.####.# ###
#.......###.## ###
#........#...####.#
##...#........##..###
#....#@#...<##......#
#....@r#...###.....##
##.....#.....#...####
#.........#[.#....#
##.......###.....##
#.......##.....##
#<..........>...##
#................#
................#...#


You could see Edmund (very poisoned) and a quokka.

Vanquished Creatures
  An ogre (D:4)
  A bullfrog zombie (D:3)
  A hound skeleton (D:4)
  2 adders
  2 worms
  2 dart slugs
  An orc (D:3)
  5 ball pythons
  3 endoplasms
  A giant cockroach (D:1)
  4 goblins
  7 hobgoblins
  5 jackals
  2 quokkas (D:2)
  6 bats
  3 frilled lizards
  9 kobolds
  7 rats
62 creatures vanquished.

Notes
Turn   | Place    | Note
-------+----------+-------------------------------------------
     0 | D:1      | crazypyro the Human Conjurer began the quest for the Orb.
     0 | D:1      | Reached XP level 1. HP: 13/13 MP: 3/3
   349 | D:1      | Reached XP level 2. HP: 11/19 MP: 0/5
   760 | D:1      | Reached XP level 3. HP: 23/24 MP: 1/6
   939 | D:1      | Found a faded altar of an unknown god.
  1507 | D:2      | Reached XP level 4. HP: 30/30 MP: 4/8
  2027 | D:3      | Reached skill level 5 in Conjurations
  2253 | D:3      | Learned a level 1 spell: Sting
  2261 | D:3      | Reached XP level 5. HP: 35/35 MP: 6/10
  2583 | D:3      | Found a runed translucent gate.
  2583 | D:3      | Found a runed translucent gate.
  2583 | D:3      | Found a runed translucent gate.
  3418 | D:3      | Noticed Arzaac's ghost (amateur OpTm)
  3871 | D:4      | Noticed an ogre
  3878 | D:4      | Killed an ogre
  3879 | D:4      | Reached skill level 1 in Transmutations
  3879 | D:4      | Reached skill level 1 in Poison Magic
  3879 | D:4      | Reached XP level 6. HP: 41/41 MP: 4/11
  3990 | D:4      | Noticed Edmund
  4006 | D:4      | Slain by Edmund

Illustrated notes

Levels and vault maps discovered:
D:1:      dpeg_arrival_pond, layout_rooms, shapermc_ecumenical_altar_pompeii
D:2:      layout_rooms, minivault_14
D:3:      layout_loops_corners, gammafunk_ghost_icy, bh_walls_and_bars
D:4:      layout_cave_pools, minmay_distorted, uniq_edmund

Skill      XL: |  1  2  3  4  5 |
---------------+----------------+-----
Spellcasting   | 3 |  3.8
Conjurations   | 5 |  5.3
Transmutations | 1 |  1.4
Poison Magic   | 1 |  1.3
Dodging        | |  2.0
Stealth        | |  2.0

Action                   |  1- 3 |  4- 6 || total
-------------------------+-------+-------++-------
Melee: Unarmed           |     9 |       ||     9
       Whip              |     3 |     1 ||     4
       Short sword       |       |     1 ||     1
 Cast: Magic Dart        |    78 |    52 ||   130
       Sting             |       |    39 ||    39
Armor: Robe              |     5 |     4 ||     9
Dodge: Dodged            |    19 |    30 ||    49
